Map: Lightshade LE

Players

seRRal - Winner!

  • Race: Zerg Zerg
  • Spawn Location: 5:00

Rogue

  • Race: Zerg Zerg
  • Spawn Location: 11:00

Event: StayAtHome Story Cup #3

VOD

Have the link to the VOD?

Description

Time

  • Played on: March 14, 2021, 3:13 p.m.
  • Length: 9:08

All games in this series

Show
View Real Time Build Order
Export as new Build Order

seRRal Zerg - Winner!

Build Orders: Hatch First 

Get SALT Encoding   

  12  0:00  Drone  
  13  0:13  Overlord  
  13  0:17  Drone  
  14  0:31  Drone x2  
  16  0:48  Hatchery  
  15  0:51  Drone  
  15  0:54  Drone  
  17  1:08  Spawning Pool  
  17  1:11  Extractor  
  15  1:13  Drone  
  15  1:16  Drone  
  17  1:20  Drone  
  18  1:30  Drone  
  19  1:55  Zergling x2  
  19  1:56  Zergling x2  
  19  1:59  Queen x2  
  19  2:00  Zergling x2  
  26  2:02  Zergling x2  
  27  2:12  Zergling x2  
  28  2:17  Overlord  
  26  2:25  Drone  
  26  2:28  Drone  
  27  2:45  Queen  
  27  2:46  Overlord  
  27  2:49  Metabolic Boost  
  29  2:52  Drone  
  29  2:56  Drone  
  32  2:58  Drone  
  32  3:06  Drone  
  33  3:13  Drone x2  
  33  3:16  Drone x2  
  33  3:17  Drone x2  
  33  3:19  Drone  
  39  3:21  Drone  
  39  3:25  Drone  
  40  3:37  Hatchery  
  39  3:42  Overlord  
  39  3:44  Drone  
  39  3:45  Drone  
  39  3:46  Drone  
  42  3:51  Zergling x2  
  42  3:52  Evolution Chamber  
  42  3:54  Zergling x4  
  44  3:59  Overlord  
  44  4:07  Zergling x8  
  48  4:13  Zergling x8  
  52  4:19  Drone  
  52  4:21  Roach Warren  
  52  4:26  Zergling x2  
  52  4:31  Zergling x8  
  56  4:34  Zerg Ground Armor Level 1  
  57  4:38  Zergling x2  
  57  4:41  Zergling x4  
  60  4:51  Zergling x6  
  60  4:52  Zergling x2  
  64  4:59  Zergling x4  
  63  5:07  Roach  
  63  5:09  Overlord x2  
  63  5:13  Overlord  
  63  5:14  Roach  
  63  5:18  Extractor  
  63  5:20  Roach  
  66  5:24  Overlord  
  66  5:28  Roach x3  
  72  5:40  Overlord  
  71  5:44  Drone x2  
  71  5:48  Roach x2  
  76  5:52  Zergling x16  
  78  6:10  Zergling x2  
  78  6:11  Zergling x12  
  80  6:24  Zergling x12  
  86  6:27  Queen  
  86  6:32  Zergling x10  
  93  6:42  Ravager x2  
  93  6:45  Ravager  
  96  6:49  Zergling x2  
  96  6:50  Zergling x2  
  96  6:55  Overlord  
  95  7:12  Evolution Chamber  
  95  7:13  Roach  
  95  7:14  Roach x5  
  104  7:20  Evolution Chamber  
  96  7:25  Roach x2  
  96  7:26  Roach  
  100  7:30  Zergling x2  
  100  7:31  Zergling x10  
  100  7:32  Overlord x2  
  100  7:37  Overlord  
  106  7:51  Zergling x12  
  95  7:55  Zergling x2  
  95  7:56  Zergling x4  
  95  7:57  Zergling x2  
  78  8:01  Zergling x2  
  78  8:04  Zergling x2  
  78  8:05  Zergling x4  
  76  8:08  Zergling x2  
  76  8:11  Zergling x4  
  71  8:14  Zergling x2  
  68  8:20  Zergling x4  
  68  8:21  Zergling x2  
  68  8:22  Ravager, Zergling x2  
Show
View Real Time Build Order
Export as new Build Order

Rogue Zerg 

Build Orders: Pool First 

Get SALT Encoding   

  12  0:17  Spawning Pool  
  11  0:21  Drone  
  11  0:26  Drone  
  13  0:30  Drone  
  14  0:39  Overlord  
  14  1:04  Zergling x4  
  16  1:05  Zergling x2  
  17  1:14  Hatchery  
  17  1:16  Zergling x2  
  17  1:28  Zergling x2  
  18  1:34  Queen  
  20  1:40  Zergling x2  
  21  1:49  Zergling x2  
  22  1:59  Overlord  
  22  2:17  Queen  
  22  2:25  Drone x2  
  22  2:28  Drone  
  23  2:34  Drone  
  24  2:38  Drone  
  24  2:42  Queen  
  24  2:43  Drone  
  27  2:46  Drone x2  
  27  2:47  Drone  
  27  2:48  Drone  
  31  2:56  Drone  
  32  2:59  Extractor  
  32  3:00  Overlord  
  29  3:06  Drone  
  29  3:10  Drone  
  31  3:15  Drone x3  
  31  3:16  Drone  
  35  3:24  Drone  
  34  3:27  Drone x2  
  34  3:28  Drone  
  34  3:31  Drone  
  38  3:37  Drone  
  39  3:42  Drone  
  39  3:43  Evolution Chamber  
  39  3:47  Drone  
  40  3:52  Overlord  
  40  4:00  Drone x2  
  40  4:01  Drone, Extractor  
  42  4:03  Metabolic Boost  
  42  4:05  Overlord  
  42  4:10  Roach Warren, Overlord  
  42  4:16  Overlord  
  41  4:24  Zergling x10  
  41  4:29  Zergling x2  
  47  4:32  Evolution Chamber  
  47  4:33  Zergling x2  
  47  4:34  Zergling x4  
  49  4:39  Zergling x2  
  49  4:41  Zergling x2  
  49  4:43  Zergling x2  
  52  4:46  Zergling x2  
  52  4:47  Zergling x2  
  54  4:54  Zergling x4  
  56  5:02  Zergling x6  
  56  5:03  Zergling x2  
  56  5:05  Zergling x2  
  56  5:07  Zergling x6  
  63  5:13  Zerg Melee Weapons Level 1  
  64  5:16  Zergling x2  
  64  5:17  Overlord  
  65  5:32  Hatchery  
  65  5:34  Zergling x4  
  66  5:45  Roach x5  
  66  5:47  Overlord  
  75  5:56  Zergling x2  
  75  5:59  Zergling x2  
  72  6:05  Roach x3  
  72  6:06  Roach  
  78  6:13  Overlord  
  78  6:16  Zergling x2  
  77  6:20  Zergling x2  
  77  6:22  Ravager x2  
  77  6:23  Zergling x2, Ravager x2, Baneling Nest  
  77  6:24  Zergling x8  
  82  6:31  Roach  
  84  6:36  Roach  
  86  6:40  Overlord  
  86  6:45  Roach  
  86  6:47  Roach  
  90  6:51  Roach  
  90  6:52  Roach x2  
  96  6:54  Overlord  
  96  6:58  Overlord  
  95  7:01  Overlord  
  95  7:05  Roach  
  95  7:06  Roach  
  99  7:12  Zergling x2  
  100  7:18  Baneling  
  100  7:19  Baneling x2  
  96  7:24  Zergling x2  
  96  7:26  Zergling x8  
  96  7:27  Zergling x2  
  101  7:31  Zergling x2  
  101  7:36  Baneling x4  
  102  7:38  Zergling x2  
  102  7:39  Zergling x2  
  104  7:48  Zergling x8  
  94  7:54  Zergling x2  
  94  7:57  Zergling x2  
  82  7:58  Zergling x4  
  82  8:05  Zergling x4  
  70  8:09  Hatchery  
  70  8:10  Zergling x2  
  66  8:18  Zergling x8  
Tags
 
Add a new tag
Caveats
  • Supply blocks, unpowered buildings, or Contaminate may cause inaccurate times.
  • Supply counts are checked every 10 seconds.